 Dungeon Crawl Stone Soup version 0.22-a0-433-gd2a9cce (webtiles) character file.

332 CanOfBees the Gusty (level 6, -3/32 HPs)
             Began as a Tengu Air Elementalist on May 29, 2018.
             Was an Initiate of Vehumet.
             Slain by a howler monkey (7 damage)
             ... on level 3 of the Dungeon.
             The game lasted 00:13:21 (7207 turns).

CanOfBees the Gusty (Tengu Air Elementalist)        Turns: 7207, Time: 00:13:22

Health: -3/32      AC:  2    Str:  8    XL:     6   Next: 52%
Magic:  4/11       EV: 17    Int: 18    God:    Vehumet [......]
Gold:   129        SH:  5    Dex: 14    Spells: 5/11 levels left

rFire    . . .     SeeInvis .   g - +0 trident (venom)
rCold    . . .     Gourm    .   e - +0 buckler
rNeg     . . .     Faith    .   f - +0 robe
rPois    .         Spirit   .   (helmet restricted)
rElec    .         Reflect  .   (no cloak)
rCorr    .         Harm     .   (no gloves)
MR       .....                  (boots unavailable)
Stlth    ++........             d - amulet of magic regeneration
HPRegen  0.10/turn              i - +4 ring of evasion
MPRegen  0.37/turn              (no ring)

@: about to teleport, very slightly contaminated
A: beak, talons 3, able to fly 1
a: Fly, Renounce Religion


You were on level 3 of the Dungeon.
You worshipped Vehumet.
Vehumet was noncommittal.
You were not hungry.

You visited 2 branches of the dungeon, and saw 5 of its levels.

You collected 129 gold pieces.

Inventory:

Hand Weapons
 a - a +0 falchion
 b - a +0 short sword
 g - a +0 trident of venom (weapon)
 w - a +0 blowgun
Missiles
 c - 31 poisoned needles
 p - a throwing net (quivered)
 x - 3 curare-tipped needles
Armour
 e - a +0 buckler (worn)
 f - a +0 robe (worn)
Jewellery
 d - an amulet of magic regeneration (around neck)
 i - a +4 ring of evasion (left hand)
 u - an uncursed amulet of the gourmand
 v - an uncursed amulet of harm
 C - an uncursed amulet of rage {unknown}
Wands
 k - a wand of polymorph (16)
 m - a wand of random effects (30)
Scrolls
 q - a scroll of fear {unknown}
 r - a scroll of remove curse
 y - 2 scrolls of enchant weapon {unknown}
Potions
 h - a potion of haste
 j - a potion of agility
 o - a potion of ambrosia {unknown}
 s - a potion of brilliance {unknown}
 t - a potion of mutation {unknown}
 B - a potion of might {unknown}
Comestibles
 z - 2 rations
 A - a chunk of flesh


   Skills:
 - Level 2.4 Dodging
 - Level 2.0 Stealth
 * Level 3.7 Shields
 - Level 3.0 Spellcasting
 + Level 3.9 Conjurations
 + Level 5.5 Air Magic


You had 5 spell levels left.
You knew the following spells:

 Your Spells              Type           Power        Failure   Level  Hunger
a - Shock                 Conj/Air       ###.         2%          1    None
b - Swiftness             Chrm/Air       ##......     9%          2    ##.....
c - Static Discharge      Conj/Air       ###.....     7%          3    ###....

Your spell library contained the following spells:

 Spells                   Type           Power        Failure   Level  Hunger
 Lightning Bolt           Conj/Air       ###.......   54%         5    ######.
 Airstrike                Air            ###.......   17%         4    ####...


Dungeon Overview and Level Annotations

Branches:
Dungeon (4/15)             Temple (1/1) D:4

Altars:
Ashenzari
Cheibriados
Elyvilon
Fedhas
Gozag
Kikubaaqudgha
Makhleb
Nemelex Xobeh
Ru
Trog
Uskayaw
Vehumet
Yredelemnul
The Shining One

Annotations:
D:2 1 exclusion
D:3 puissantveil's ghost, amateur GrEE


Innate Abilities, Weirdness & Mutations

You have a beak for a mouth.
You have claws for feet.
You can fly.


Message History

You block the howler monkey's attack. The phantom hits you.
* * * LOW HITPOINT WARNING * * *
Casting: Static Discharge (safe; 7% risk of failure)
Confirm with . or Enter, or press ? or * to list all spells.
You miscast Static Discharge.
You are very lightly contaminated with residual magic.
You feel electric! You block the howler monkey's attack.
You block the phantom's attack.
Unknown command.
As you read the scroll of teleportation, it crumbles to dust.
You feel strangely unstable.
The howler monkey completely misses you.
The phantom barely misses you.
Unknown command.
You barely miss the howler monkey.
The howler monkey is lightly wounded.
The howler monkey hits you.
* * * LOW HITPOINT WARNING * * *
The phantom misses you. The howler monkey hits you!
You die...

### ###########
####.################
..........#
#....#...............
#########.#
#.##W#.##############
........#.# #.##@#.#
.######.#.# #.##h#.#
....###.#.# #.##.#.#
.#........# #.##.#.#
######## .#........#
#.<#.#.# #.......
.#........# #..#.#.#
#....... .##'###.#.#
#..#.#.# #.......
.##...#.#.# #..#.#.#
#....... .####.#.#.#
#..#.#.# #.......


You could see a phantom and a howler monkey.

Vanquished Creatures
  A howler monkey (D:4)
  A bullfrog zombie (D:3)
  3 orc priests
  An orc wizard (D:3)
  2 worker ants (D:3)
  A worm (D:2)
  A dart slug (D:3)
  8 orcs
  3 bats
  3 giant cockroaches
  7 goblins
  12 hobgoblins
  18 jackals
  5 quokkas
  2 ball pythons
  4 frilled lizards
  8 kobolds
  8 rats
88 creatures vanquished.

Notes
Turn   | Place    | Note
-------+----------+-------------------------------------------
     0 | D:1      | CanOfBees the Tengu Air Elementalist began the quest for the Orb.
     0 | D:1      | Reached XP level 1. HP: 10/10 MP: 4/4
  1010 | D:1      | Reached XP level 2. HP: 15/15 MP: 4/6
  2166 | D:2      | Reached XP level 3. HP: 19/19 MP: 0/7
  2455 | D:2      | Reached skill level 1 in Shields
  3566 | D:2      | Noticed a moth of wrath
  3569 | D:2      | Found a bloodstained altar of Trog.
  4025 | D:3      | Reached XP level 4. HP: 19/24 MP: 4/8
  4667 | D:3      | Learned a level 2 spell: Swiftness
  4671 | D:3      | Learned a level 3 spell: Static Discharge
  4882 | D:3      | Found a blossoming altar of Fedhas.
  5150 | D:3      | Gained mutation: You can fly. [Tengu growth]
  5150 | D:3      | Reached XP level 5. HP: 17/28 MP: 0/10
  5335 | D:3      | Noticed puissantveil's ghost (amateur GrEE)
  5769 | D:3      | Reached skill level 5 in Air Magic
  5943 | D:3      | Found an opulent altar of Gozag.
  5943 | D:3      | Found a shattered altar of Ashenzari.
  5943 | D:3      | Found a bloodstained altar of Trog.
  5943 | D:3      | Found a hide-covered altar of Uskayaw.
  6633 | D:4      | Reached XP level 6. HP: 26/32 MP: 5/11
  6968 | D:4      | Found a staircase to the Ecumenical Temple.
  6974 | Temple   | Entered the Ecumenical Temple
  6994 | Temple   | Became a worshipper of Vehumet
  7080 | D:4      | Noticed a phantom
  7207 | D:3      | Slain by a howler monkey

Vault maps used:
D:1:      sevenhm_arrival_forest_fort_small_3
D:2:      tgw_trog
D:3:      grunt_temple_overflow_cloverleaf, roderic_st_hans_cross,
          fedhas_altar_2
D:4:      minmay_temple_entry_hall, first_ration
Temple:   eino_wide_crystal_templ

Skill      XL: |  1  2  3  4  5 |
---------------+----------------+-----
Conjurations   | 2 3 |  3.9
Shields        | 1 2 3 |  3.7
Air Magic      | 5 |  5.5
Spellcasting   | 3 |  3.0
Dodging        | |  2.4
Stealth        | |  2.0

Action                   |  1- 3 |  4- 6 || total
-------------------------+-------+-------++-------
Melee: Dagger            |    10 |       ||    10
       Kick              |     9 |     7 ||    16
       Peck              |     7 |     6 ||    13
       Short sword       |    22 |     8 ||    30
       Falchion          |    14 |    13 ||    27
       Trident           |       |    17 ||    17
 Fire: Blowgun           |       |    18 ||    18
Throw: Throwing net      |       |     1 ||     1
 Cast: Shock             |    72 |    52 ||   124
       Static Discharge  |       |    10 ||    10
 Abil: Fly               |       |     2 ||     2
Evoke: Wand              |       |     1 ||     1
  Use: Potion            |     2 |     2 ||     4
       Scroll            |       |     7 ||     7
 Stab: Sleeping          |     1 |     1 ||     2
  Eat: Chunk             |     9 |     6 ||    15
       Ration            |       |     2 ||     2
Armor: Robe              |     2 |     5 ||     7
       Skin              |       |     4 ||     4
Dodge: Dodged            |    29 |    66 ||    95
Block: Buckler           |    10 |    22 ||    32
       Rpst.: Falchion   |       |     6 ||     6

Table legend:
 A = Spawn XP
 B = Non-spawn XP
 C = Spawn XP percentage of total XP
 D = Spawn monster count
 E = Non-spawn monster count
 F = Spawn count percentage of total count
 G = Total turns spent on level
                    A         B        C        D         E        F      G
               +---------+---------+-------+---------+---------+-------+---------
         Total |       0 |     475 |   0.0 |       0 |      88 |   0.0 |  7207
               +---------+---------+-------+---------+---------+-------+---------
           D:1 |       0 |      29 |   0.0 |       0 |      18 |   0.0 |  2386
           D:2 |       0 |      45 |   0.0 |       0 |      26 |   0.0 |  1671
           D:3 |       0 |     247 |   0.0 |       0 |      32 |   0.0 |  2720
           D:4 |       0 |     154 |   0.0 |       0 |      12 |   0.0 |   394
               +---------+---------+-------+---------+---------+-------+---------
